 Dungeon Crawl Stone Soup version 0.29.1-1-gd02db6906a (webtiles) character file.

Game seed: 1577645357836205405

1678 Kold the Basher (level 9, -1/41 (70) HPs)
             Began as a Meteoran Fighter on Oct 18, 2022.
             Was an Elder of Zin.
             Slain by a wight
             ... wielding a +1 mace
              (8 damage)
             ... on level 7 of the Dungeon.
             The game lasted 00:09:43 (3796 turns).

Kold the Basher (Meteoran Fighter)                  Turns: 3796, Time: 00:09:43

HP:   -1/41 (70)    AC:  8    Str: 22    XL:     9   Next: 45%
MP:   10/10         EV:  9    Int: 11    God:    Zin [****..]
Gold: 274           SH:  5    Dex: 13    Spells: 8/8 levels left

rFire   . . .      SeeInvis .   a - +1 flail
rCold   . . .      Faith    .   c - +0 buckler
rNeg    . . .      Spirit   .   b - +0 scale mail
rPois   .          Reflect  .   v - +0 helmet
rElec   .          Harm     .   (no cloak)
rCorr   .          Rampage  .   (no gloves)
Will    +....                   (no boots)
Stlth   ..........              (no amulet)
HPRegen 0.13/turn               (no ring)
MPRegen 0.12/turn               (no ring)

@: mighty, about to teleport, glowing, very heavily drained
A: sense surroundings 2, otherworldly, glowing, explore regen
a: Renounce Religion, Recite, Vitalisation, Imprison, Donate Gold


You were on level 7 of the Dungeon.
You worshipped Zin.
Zin was greatly pleased with you.
You visited 2 branches of the dungeon, and saw 8 of its levels.

You collected 304 gold pieces.
You donated 30 gold pieces to Zin.

Inventory:

Hand Weapons
 a - a +1 flail (weapon)
Missiles
 z - 2 throwing nets (quivered)
Armour
 b - a +0 scale mail (worn)
 c - a +0 buckler (worn)
 v - a +0 helmet (worn)
 y - the +2 robe of the Lobster {Stlth+}
   (You found it on level 5 of the Dungeon)

   Stlth:     It makes you more stealthy.
Jewellery
 A - a ring of ice
Wands
 o - a wand of charming (7)
Scrolls
 e - a scroll of amnesia {unknown}
 f - 3 scrolls of enchant armour
 g - 2 scrolls of fog {unknown}
 h - 2 scrolls of teleportation
 j - 4 scrolls of identify
 k - a scroll of enchant weapon
 l - a scroll of magic mapping {unknown}
 m - a scroll of acquirement {unknown}
 p - a scroll of summoning {unknown}
 q - a scroll of noise {unknown}
 s - a scroll of blinking {unknown}
 u - a scroll of torment {unknown}
Potions
 d - a potion of might
 i - 3 potions of brilliance
 n - 2 potions of cancellation {unknown}
 r - a potion of heal wounds
 t - 2 potions of magic {unknown}
 w - 2 potions of lignification {unknown}
 x - 2 potions of curing
 B - a potion of berserk rage {unknown}
 C - a potion of degeneration {unknown}
 D - a potion of flight


   Skills:
 + Level 3.6 Fighting
 - Level 14.0 Maces & Flails
 + Level 4.1 Armour
 + Level 1.0 Dodging
 + Level 4.1 Shields


You had 8 spell levels left.
You didn't know any spells.
Your spell library contained the following spells:

 Spells                   Type           Power      Damage    Failure   Level
 Sandblast                Erth           0%         2d4       75%         1
 Shock                    Conj/Air       0%         1d3       75%         1
 Passwall                 Tmut/Erth      0%         N/A       87%         2
 Sublimation of Blood     Necr           0%         N/A       87%         2
 Wereblood                Tmut           0%         N/A       87%         2
 Gell's Gravitas          Tloc           0%         N/A       98%         3
 Lesser Beckoning         Tloc           0%         N/A       98%         3
 Stone Arrow              Conj/Erth      0%         3d7       98%         3
 Swiftness                Air            0%         N/A       98%         3
 Teleport Other           Tloc           0%         N/A       98%         3
 Airstrike                Air            0%         2d(0-16)  100%        4
 Summon Hydra             Summ           0%         N/A       100%        7


Dungeon Overview and Level Annotations

Branches:
Dungeon (7/15) Zot: 622    Temple (1/1) D:6 Zot: 555

Altars:
Elyvilon
Fedhas
Hepliaklqana
Makhleb
Nemelex Xobeh
Sif Muna
Trog
Uskayaw
Vehumet
Xom
Yredelemnul
Zin

Shops:
D:1 *

Annotations:
D:3 3 runed translucent doors, Goblin1989's ghost, amateur DjTm


Innate Abilities, Weirdness & Mutations

You passively map the area around you.
You are easily found by Zot.
You glow in the dark.
You regain HP and MP as you explore.


Message History

Your Dodging skill increases to level 1!
The orc completely misses you.
You sock the orc!
You kill the orc!
No target in view!
No target in view!
There is an escape hatch in the floor here.
Things that are here:
a +3 flail; a +0 scale mail You slide downwards.
The hatch slams shut behind you.
As you enter the new level, Zot loses track of you.
HP restored.
Found 5 stones.
A wight comes into view. It is wielding a +1 mace.
The wight moves out of view.
A wight comes into view.
It is wielding a +1 halberd. 3 wights come into view.
A wight is wielding a +3 spear of freezing.
You closely miss the wight. You hit the wight.
The wight is lightly damaged.
The wight hits you with a +1 mace.
You feel drained. The wight attacks as you move away!
The wight barely misses you. The wight attacks as you move away!
The wight barely misses you.
You hit the wight but do no damage.
The wight is lightly damaged.
The wight hits you but does no damage.
You closely miss the wight.
The wight is lightly damaged.
As you read the scroll of teleportation, it crumbles to dust.
You feel strangely unstable.
The wight hits you from afar with a +1 halberd!
You feel drained. The wight misses you.
You feel very mighty all of a sudden.
The wight hits you from afar with a +1 halberd.
You feel drained. You block the wight's attack.
The wight hits you with a +1 halberd!
* * * LOW HITPOINT WARNING * * *
The wight hits you with a +1 mace!
You die...

, , ,, ,,.......** ,
* , ##... , ....... ,
#.... ,....... , , *
#....## ....... * ,
##.....# ..z.... ,*
##......# *,....... ,
........#####......#
*
........##zz.......#*
,
*#...(..@zz.#####..*
** ##....z##### * *
#....## , , #.#..#
*,, # #### ,* *


You could see 5 wights.

Vanquished Creatures
  An ice beast (D:5)
  A black bear (D:5)
  A sky beast (D:6)
  An ogre (D:6)
  3 centaurs (D:6)
  A phantom (D:4)
  2 bullfrogs
  3 necrophages
  4 scorpions
  3 hounds
  2 jellies
  An orc priest (D:6)
  3 iguanas
  2 orc wizards
  4 adders
  3 gnolls (D:5)
  2 white imps
  2 worms
  A dart slug (D:1)
  7 orcs
  4 ball pythons
  5 bats
  7 endoplasms
  7 giant cockroaches
  5 goblins
  6 hobgoblins
  4 jackals (D:2)
  6 quokkas
  6 frilled lizards
  9 kobolds
  6 rats
112 creatures vanquished.

Notes
Turn   | Place    | Note
-------+----------+-------------------------------------------
     0 | D:1      | Kold the Meteoran Fighter began the quest for the Orb.
     0 | D:1      | Reached XP level 1. HP: 19/19 MP: 2/2
   181 | D:1      | Reached XP level 2. HP: 19/26 MP: 3/3
   208 | D:1      | Reached skill level 3 in Maces & Flails
   418 | D:1      | Reached XP level 3. HP: 31/31 MP: 4/4
   467 | D:1      | Found Wuotef's General Store.
   484 | D:1      | Glimpsed the power of Zot.
   603 | D:2      | Found a faded altar of an unknown god.
   606 | D:2      | Reached skill level 4 in Maces & Flails
   616 | D:2      | Prayed at the altar of an unknown god.
   616 | D:2      | Became a worshipper of Zin the Law-Giver
   616 | D:2      | Reached * piety under Zin
   665 | D:2      | Reached XP level 4. HP: 33/38 MP: 5/5
   721 | D:2      | Found a shimmering blue altar of Sif Muna.
  1130 | D:3      | Found a runed translucent gate.
  1132 | D:3      | Noticed Goblin1989's ghost (amateur DjTm)
  1133 | D:3      | Found a runed translucent gate.
  1133 | D:3      | Noticed a scorpion
  1137 | D:3      | Found a runed translucent gate.
  1170 | D:3      | Reached skill level 5 in Maces & Flails
  1170 | D:3      | Reached XP level 5. HP: 35/45 MP: 6/6
  1231 | D:3      | Reached ** piety under Zin
  1511 | D:3      | Reached skill level 6 in Maces & Flails
  1657 | D:3      | Glimpsed the power of Zot.
  1701 | D:4      | Noticed a bullfrog
  1716 | D:4      | Killed a bullfrog
  1717 | D:4      | Reached skill level 7 in Maces & Flails
  1717 | D:4      | Reached XP level 6. HP: 39/51 MP: 7/7
  1935 | D:4      | Reached skill level 8 in Maces & Flails
  2078 | D:4      | Reached XP level 7. HP: 57/57 MP: 8/8
  2253 | D:4      | Glimpsed the power of Zot.
  2274 | D:5      | Entered Level 5 of the Dungeon
  2336 | D:5      | Reached skill level 9 in Maces & Flails
  2353 | D:5      | Reached *** piety under Zin
  2441 | D:5      | Reached skill level 10 in Maces & Flails
  2441 | D:5      | Reached XP level 8. HP: 51/63 MP: 9/9
  2471 | D:5      | Identified the +2 robe of the Lobster {Stlth+}
  2528 | D:5      | Reached skill level 11 in Maces & Flails
  2821 | D:6      | Noticed a +0 hand axe
  2821 | D:6      | Noticed a +0 hand axe
  2824 | D:6      | Found a hide-covered altar of Uskayaw.
  2899 | D:6      | Found a staircase to the Ecumenical Temple.
  2921 | D:6      | Reached skill level 12 in Maces & Flails
  2945 | Temple   | Entered the Ecumenical Temple
  3061 | D:6      | Gained mutation: You passively map the area around you.
                  | [Meteoran growth]
  3061 | D:6      | Reached XP level 9. HP: 47/70 MP: 10/10
  3150 | D:6      | Reached skill level 13 in Maces & Flails
  3195 | D:6      | Reached **** piety under Zin
  3329 | D:6      | Found a hazy altar of Hepliaklqana.
  3330 | D:6      | Found a shimmering altar of Xom.
  3331 | D:6      | Noticed a spectral ugly thing
  3370 | D:6      | Reached skill level 14 in Maces & Flails
  3516 | D:6      | Glimpsed the power of Zot.
  3566 | D:6      | Glimpsed the power of Zot.
  3606 | D:6      | Glimpsed the power of Zot.
  3616 | D:6      | Touched by the power of Zot.
  3717 | D:6      | Glimpsed the power of Zot.
  3767 | D:6      | Glimpsed the power of Zot.
  3776 | D:6      | Reached skill level 1 in Dodging
  3796 | D:7      | Slain by a wight

Illustrated notes

Levels and vault maps discovered:
D:1:      dpeg_arrival_snail, layout_loops_ring, serial_shops, shop_statue
D:2:      layout_basic, basic_ecumenical_altar, basic_altar
D:3:      layout_basic, gammafunk_ghost_split
D:4:      layout_basic
D:5:      layout_cave_pools, skrybe_limestone_x
D:6:      layout_basic, dancing_weapons_uskayaw, regret_index_temple_of_mockery,
          temple_pool_b, st_stairs_5
D:7:      layout_layer_cave, mainiacjoe_overflow_surrounded_room,
          mainiacjoe_overflow_paths, cheibriados_altar_1, nicolae_stop_n_shop_1,
          minmay_shop_grid_forest, hangedman_decor_diamond_cutter
Temple:   nicolae_temple_ecumenical_triangle

Skill      XL: |  1  2  3  4  5  6  7  8  9 |
---------------+----------------------------+-----
Maces & Flails | 3 4 5 7 8 10 12 14 | 14.0
Armour         | 4 |  4.1
Shields        | 4 |  4.1
Dodging        | 1 |  1.0
Fighting       | |  3.6

Action                   |  1- 3 |  4- 6 |  7- 9 || total
-------------------------+-------+-------+-------++-------
Melee: Flail             |    92 |   141 |   197 ||   430
  Use: Potion            |       |     9 |     1 ||    10
       Scroll            |       |     3 |     1 ||     4
Armor: Scale mail        |    59 |    89 |    78 ||   226
Dodge: Dodged            |    32 |    68 |    63 ||   163
Block: Buckler           |    29 |    52 |    43 ||   124
